 Dungeon Crawl Stone Soup version 0.29-a0-649-g45c230d69a (webtiles) character file.

Game seed: 2415804432643006198

554 Bnni the Chopper (level 7, 0/50 HPs)
             Began as a Demonspawn Fighter on June 21, 2022.
             Was a Priest of Hepliaklqana.
             Slain by a gnoll
             ... wielding a +0 halberd
             ... led by a gnoll shaman
              (4 damage)
             ... on level 4 of the Dungeon.
             The game lasted 00:06:53 (4035 turns).

Bnni the Chopper (Demonspawn Fighter)               Turns: 4035, Time: 00:06:53

Health: 0/50       AC:  6    Str: 18    XL:     7   Next: 8%
Magic:  7/7        EV:  9    Int: 10    God:    Hepliaklqana [***...]
Gold:   197        SH:  4    Dex: 12    Spells: 6/6 levels left

rFire   . . .      SeeInvis .   a - +0 war axe
rCold   . . .      Faith    .   c - +0 buckler
rNeg    . . .      Spirit   .   b - +0 scale mail
rPois   .          Reflect  .   (no helmet)
rElec   .          Harm     .   (no cloak)
rCorr   .          Rampage  .   (gloves unavailable)
Will    .....                   (no boots)
Stlth   ..........              (no amulet)
HPRegen 0.16/turn               p - ring of wizardry
MPRegen 0.10/turn               (no ring)

@: studying Transmutations
A: reduced essence, claws 3, foul stench 1
a: Renounce Religion, Recall Ancestor, Ancestor Identity, Transference


You were on level 4 of the Dungeon.
You worshipped Hepliaklqana.
Hepliaklqana was most pleased with you.
You visited 1 branch of the dungeon, and saw 4 of its levels.

You collected 223 gold pieces.
You spent 26 gold pieces at shops.

Inventory:

Hand Weapons
 a - a +0 war axe (weapon)
Armour
 b - a +0 scale mail (worn)
 c - a +0 buckler (worn)
Jewellery
 p - a ring of wizardry (left claw)
Wands
 n - a wand of mindburst (17)
Scrolls
 f - 3 scrolls of immolation {unknown}
 h - a scroll of noise {unknown}
 i - 4 scrolls of blinking {unknown}
 k - 2 scrolls of amnesia {unknown}
 m - a scroll of magic mapping {unknown}
 q - 2 scrolls of enchant weapon {unknown}
Potions
 d - 2 potions of might
 e - 3 potions of heal wounds
 g - 2 potions of haste
 j - 2 potions of magic
 l - 8 potions of curing
 o - a potion of mutation
 r - a potion of degeneration {unknown}
 s - a potion of lignification {unknown}


   Skills:
 + Level 5.2 Fighting
 * Level 5.9 Axes
 - Level 2.6 Armour
 - Level 2.6 Shields


You had 6 spell levels left.
You didn't know any spells.
Your spell library was empty.

Dungeon Overview and Level Annotations

Branches:
Dungeon (4/15)
 Temple: D:4-7

Altars:
Gozag
Hepliaklqana
Kikubaaqudgha
Nemelex Xobeh
Trog

Shops:
D:1 *


Innate Abilities, Weirdness & Mutations

Your life essence is reduced to manifest your ancestor. (-10% HP)
You have claws for hands.
You may rarely emit foul miasma when damaged in melee.


Message History

g - Guard the area. f - Follow me.
Anything else - Cancel.
Gang up on whom?
Press: ? - help, Dir - move target, f - gnoll
Aim: a gnoll, wielding a +0 flail Attack!
McStabbington gestures at the gnoll while chanting.
The gnoll seems to slow down.
McStabbington gestures at the gnoll while chanting.
The gnoll appears confused.
The gnoll closely misses McStabbington.
McStabbington hits the gnoll with a +0 dagger of draining.
McStabbington drains the gnoll.
The gnoll hits McStabbington with a +0 spear.
McStabbington casts a spell at the gnoll.
The gnoll resists with significant effort.
The gnoll hits the gnoll with a +0 flail.
The gnoll hits McStabbington with a +0 spear.
McStabbington gestures at the gnoll while chanting.
The gnoll resists with significant effort.
The gnoll barely misses McStabbington.
The gnoll hits McStabbington with a +0 flail.
McStabbington points at the gnoll and mumbles some strange words.
The gnoll appears confused.
The gnoll hits McStabbington with a +0 spear!
The gnoll barely misses the gnoll.
McStabbington hits the gnoll with a +0 dagger of draining!
The gnoll dies!
The gnoll closely misses McStabbington.
McStabbington barely misses the gnoll.
McStabbington casts a spell at the gnoll.
The gnoll resists with significant effort.
The gnoll hits McStabbington with a +0 spear.
McStabbington gestures at the gnoll while chanting.
The gnoll appears confused.
The gnoll hits McStabbington with a +0 spear!
McStabbington is destroyed!
The gnoll hits you from afar with a +0 halberd.
* * * LOW HITPOINT WARNING * * *
The gnoll closely misses you.
The gnoll hits you from afar with a +0 halberd.
You die...

#....####.........####...#
#...## ##.......## ##.#.
##.## ##.....## #.#. #.#
##...## #.#. #.# ##+##
#.#. #.# #.# #...
#.######## #.# ###.
......gg)###.## #.
.....###@##...## ######.
..##.###.#.....####......
......†............#####
###.###.###.######## #.#
#.# #.# #.# ..# #.# ###
#.# #.#


You could see 2 gnolls.

Vanquished Creatures
  A phantom (D:4)
  A vampire bat (D:3)
  Terence (D:3)
  An orc wizard (D:3)
  5 adders
  A hexer (D:4)
  An ufetubus (D:4)
  3 worms
  4 orcs
  4 endoplasms
  A giant cockroach (D:4)
  5 goblins
  3 hobgoblins
  6 jackals
  3 quokkas (D:1)
  7 ball pythons
  10 bats
  A kobold (D:3)
  6 rats
64 creatures vanquished.

Vanquished Creatures (collateral kills)
  A phantom (D:4)
  A scorpion (D:4)
  A gnoll shaman (D:4)
  Natasha (D:2)
  An iguana (D:4)
  A gnoll (D:4)
  3 adders
  2 worms
  A bat (D:2)
  An endoplasm (D:1)
  2 goblins (D:2)
  A hobgoblin (D:4)
  3 jackals (D:2)
  A quokka (D:4)
  A ball python (D:2)
  A frilled lizard (D:2)
22 creatures vanquished.

Grand Total: 86 creatures vanquished

Notes
Turn   | Place    | Note
-------+----------+-------------------------------------------
     0 | D:1      | Bnni the Demonspawn Fighter began the quest for the Orb.
     0 | D:1      | Reached XP level 1. HP: 18/18 MP: 1/1
    92 | D:1      | Found a faded altar of an unknown god.
    97 | D:1      | Prayed at the altar of an unknown god.
    97 | D:1      | Became a worshipper of Hepliaklqana the Forgotten
    97 | D:1      | Reached * piety under Hepliaklqana
   319 | D:1      | Found Uliser's General Store.
   329 | D:1      | Bought a scroll of identify for 26 gold pieces
   454 | D:1      | Gained mutation: You have sharp fingernails. [demonic
                  | ancestry]
   454 | D:1      | Reached XP level 2. HP: 17/21 MP: 2/2
   611 | D:1      | Reached ** piety under Hepliaklqana
   612 | D:1      | Remembered your ancestor McStabbington as a hexer
  1054 | D:2      | Reached XP level 3. HP: 22/26 MP: 3/3
  1688 | D:2      | Gained mutation: You have very sharp fingernails. [demonic
                  | ancestry]
  1688 | D:2      | Reached XP level 4. HP: 33/33 MP: 4/4
  1790 | D:2      | Noticed Natasha
  1805 | D:2      | Killed Natasha
  2096 | D:3      | Reached XP level 5. HP: 37/37 MP: 5/5
  2120 | D:3      | Noticed Terence
  2129 | D:3      | Killed Terence
  2240 | D:3      | Found an opulent altar of Gozag.
  2286 | D:3      | Found a bloodstained altar of Trog.
  2291 | D:3      | Found a sparkling altar of Nemelex Xobeh.
  2291 | D:3      | Found an ancient bone altar of Kikubaaqudgha.
  2320 | D:3      | Reached *** piety under Hepliaklqana
  3426 | D:4      | Noticed a phantom
  3439 | D:4      | Killed a phantom
  3440 | D:4      | Reached skill level 5 in Axes
  3440 | D:4      | Gained mutation: You may rarely emit foul miasma when
                  | damaged in melee. [demonic ancestry]
  3440 | D:4      | Reached XP level 6. HP: 43/44 MP: 6/6
  3741 | D:4      | Reached skill level 5 in Fighting
  4005 | D:4      | Gained mutation: You have claws for hands. [demonic
                  | ancestry]
  4005 | D:4      | Reached XP level 7. HP: 50/50 MP: 7/7
  4035 | D:4      | Slain by a gnoll

Illustrated notes

Levels and vault maps discovered:
D:1:      dreamdust_arrival_beginning_and_end, layout_loops_corners,
          serial_shops, shop_fountains, ebering_ecumenical_altar_rust
D:2:      layout_basic, uniq_natasha
D:3:      layout_loops_ring, mainiacjoe_overflow_six_doors_small,
          grunt_temple_overflow_open, serial_forest,
          infiniplex_forest_straight_2, infiniplex_forest_end_3,
          infiniplex_forest_join, infiniplex_forest_clump_tiny,
          infiniplex_forest_straight_2, infiniplex_forest_straight_2,
          roderic_batcave, uniq_terence
D:4:      layout_loops_corners, kennysheep_generic_room_6

Skill      XL: |  1  2  3  4  5  6 |
---------------+-------------------+-----
Axes           | 2 3 4 5 |  5.9
Fighting       | 4 5 |  5.2
Armour         | |  2.6
Shields        | |  2.6

Action                   |  1- 3 |  4- 6 |  7- 9 || total
-------------------------+-------+-------+-------++-------
Melee: War axe           |    79 |   134 |     6 ||   219
Invok: Ancestor Identity |     1 |       |       ||     1
       Ancestor Life: He |     1 |       |       ||     1
  Use: Scroll            |     2 |     3 |       ||     5
       Potion            |       |     1 |     1 ||     2
 Stab: Confused          |       |     7 |       ||     7
       Distracted        |       |     1 |       ||     1
Armor: Scale mail        |    35 |    55 |     1 ||    91
Dodge: Dodged            |    31 |    58 |     6 ||    95
Block: Buckler           |    21 |    26 |     1 ||    48

Table legend: (Time is in decaauts)
 A = Elapsed time spent in this place.
 B = Non-inter-level travel time spent in this place.
 C = Inter-level travel time spent in this place.
 D = Time resting spent in this place.
 E = Time spent auto-exploring this place.
 F = Levels seen in this place.
 G = Mean time per level.
                   A        B        C        D        E       F      G
               +--------+--------+--------+--------+--------+-----+--------+
         Total |   4109 |   3991 |    118 |      0 |   3402 |   4 | 1027.2 |
       Dungeon |   4109 |   3991 |    118 |      0 |   3402 |   4 | 1027.2 |
               +--------+--------+--------+--------+--------+-----+--------+

Top non-repeatable levels by time:
     D:3: 1137 daAuts
     D:2: 1029 daAuts
     D:1: 972 daAuts
     D:4: 970 daAuts
